 Dungeon Crawl Stone Soup version 0.29.1-15-g9cfb28693d (webtiles) character file.

Game seed: 17936833259251123632

505 fakeacct the Chopper (level 7, 0/81 HPs)
             Began as a Human Berserker on Mar 24, 2023.
             Was a Believer of Trog.
             Slain by a scorpion (4 damage)
             ... on level 4 of the Dungeon.
             The game lasted 00:07:27 (2792 turns).

fakeacct the Chopper (Human Berserker)              Turns: 2792, Time: 00:07:28

Health: 0/81       AC:  9    Str: 19    XL:     7   Next: 41%
Magic:  7/7        EV:  9    Int:  7    God:    Trog [**....]
Gold:   191        SH:  0    Dex: 19    Spells: 6/6 levels left

rFire   . . .      SeeInvis .   r - +0 war axe
rCold   . . .      Faith    .   (no shield)
rNeg    . . .      Spirit   .   q - +0 chain mail
rPois   .          Reflect  .   (no helmet)
rElec   .          Harm     .   (no cloak)
rCorr   .          Rampage  .   (no gloves)
Will    .....                   (no boots)
Stlth   ..........              b - amulet of regeneration
HPRegen 1.03/turn               h - +6 ring of dexterity
MPRegen 0.10/turn               (no ring)

@: berserking, lethally poisoned (0 -> 0), very quick
A: no striking features
a: Renounce Religion, Berserk, Trog's Hand


You were on level 4 of the Dungeon.
You worshipped Trog.
Trog was pleased with you.
You visited 1 branch of the dungeon, and saw 4 of its levels.

You collected 191 gold pieces.

Inventory:

Hand Weapons
 r - a +0 war axe (weapon)
Armour
 q - a +0 chain mail (worn)
Jewellery
 b - an amulet of regeneration (around neck)
 h - a +6 ring of dexterity (left hand)
Scrolls
 a - a scroll of noise {unknown}
 c - a scroll of enchant weapon {unknown}
 e - a scroll of enchant armour {unknown}
 g - a scroll of amnesia {unknown}
 i - 3 scrolls of blinking {unknown}
 j - a scroll of fear {unknown}
 m - 3 scrolls of identify {unknown}
 o - a scroll of summoning {unknown}
 s - 4 scrolls of teleportation {unknown}
 t - a scroll of silence {unknown}
Potions
 d - a potion of mutation {unknown}
 f - 3 potions of heal wounds {unknown}
 k - a potion of brilliance {unknown}
 l - 2 potions of flight {unknown}
 n - a potion of might {unknown}
 p - a potion of lignification {unknown}
 u - a potion of attraction {unknown}


   Skills:
 + Level 4.2 Fighting
 + Level 5.8 Axes
 + Level 3.8 Armour
 + Level 3.1 Dodging
 + Level 0.9 Stealth


You had 6 spell levels left.
You didn't know any spells.
Your spell library was empty.

Dungeon Overview and Level Annotations

Branches:
Dungeon (4/15)
 Temple: D:4-7

Altars:


Message History

You kill the scorpion!
Trog accepts your kill.
You hit the scorpion.
You feel very sick. The scorpion stings you.
You are more poisoned.
The scorpion poisons you!
You feel very sick. The scorpion closely misses you.
You hit the scorpion.
The scorpion is almost dead.
You feel very sick.
The scorpion stings you but does no damage. x2
You hit the scorpion but do no damage.
The scorpion is almost dead.
You feel very sick. The scorpion stings you.
* * * LOW HITPOINT WARNING * * *
You hit the scorpion.
The scorpion is almost dead.
You feel very sick. The scorpion stings you.
* * * LOW HITPOINT WARNING * * *
The scorpion stings you but does no damage.
Unknown command.
You closely miss the scorpion.
The scorpion is almost dead.
You feel sick.
The scorpion stings you but does no damage.
Unknown command.
You closely miss the scorpion.
The scorpion is almost dead.
You feel sick. The scorpion stings you.
* * * LOW HITPOINT WARNING * * *
Unknown command.
A red film seems to cover your vision as you go berserk!
You feel yourself moving faster!
You feel mighty!
You feel sick.
The scorpion stings you but does no damage.
The scorpion stings you.
You die...

..... #########..#.####.##
.#.###########..........#.#
#.#
...................####.#.#
#.# ....################
#.#.####.# ...###P.### ##
#.#.##...# .####...^#. ##.#
..#.##.### .# .....#) #..
##.##.# .# P.PP^.. #.###
#.##.#### .#
..P..^.#####@s.# #......>.
#. #...P.P.#...###
####.#### #.
###).^††.####.# #.# # ##
###...#####.## #.# ..
##..###....########.# ##
###††####......)...# #
##....############ #
####^##...### #
#.###†###...# ##


You could see a scorpion.

Vanquished Creatures
  A necrophage (D:4)
  5 scorpions (D:4)
  An orc wizard (D:3)
  4 adders
  A worm (D:4)
  2 dart slugs
  9 orcs
  13 bats
  5 endoplasms
  2 giant cockroaches (D:1)
  4 hobgoblins
  7 jackals
  5 quokkas
  6 ball pythons
  4 frilled lizards
  9 goblins
  4 kobolds
  A rat (D:2)
83 creatures vanquished.

Vanquished Creatures (others)
  9 fungi (D:4)
9 creatures vanquished.

Grand Total: 92 creatures vanquished

Notes
Turn   | Place    | Note
-------+----------+-------------------------------------------
     0 | D:1      | fakeacct the Human Berserker began the quest for the Orb.
     0 | D:1      | Reached XP level 1. HP: 18/18 MP: 1/1
   276 | D:1      | Reached XP level 2. HP: 23/24 MP: 2/2
   581 | D:1      | Reached XP level 3. HP: 27/29 MP: 3/3
   985 | D:2      | Reached ** piety under Trog
  1053 | D:2      | Reached XP level 4. HP: 34/35 MP: 4/4
  1272 | D:2      | Found a faded altar of an unknown god.
  2066 | D:3      | Reached skill level 4 in Axes
  2066 | D:3      | Reached XP level 5. HP: 41/41 MP: 5/5
  2127 | D:3      | You fall into a shaft and drop 1 floor!
  2239 | D:4      | Reached XP level 6. HP: 39/48 MP: 6/6
  2724 | D:4      | Reached skill level 5 in Axes
  2724 | D:4      | Reached *** piety under Trog
  2725 | D:4      | Reached XP level 7. HP: 26/54 MP: 7/7
  2792 | D:4      | HP: 4/81 [poisoned by a scorpion]
  2792 | D:4      | Slain by a scorpion

Illustrated notes

Levels and vault maps discovered:
D:1:      tarquinn_simple_flora_water_a, layout_loops_ring,
          minmay_misc_feat_columns
D:2:      layout_basic, shapermc_ecumenical_altar_notcrosses, nrook_mini_vaults
D:3:      layout_loops_cross
D:4:      old_forge, layout_loops_ring, uniq_robin

Skill      XL: |  1  2  3  4  5  6 |
---------------+-------------------+-----
Axes           | 4 5 |  5.8
Armour         | 3 |  3.8
Dodging        | 3 |  3.1
Fighting       | 4 |  4.2
Stealth        | |  0.9

Action                   |  1- 3 |  4- 6 |  7- 9 || total
-------------------------+-------+-------+-------++-------
Melee: Hand axe          |   109 |    80 |       ||   189
       Punch             |     1 |     3 |       ||     4
       War axe           |       |    76 |    18 ||    94
Invok: Berserk           |     1 |       |     2 ||     3
Armor: Ring mail         |    61 |    50 |       ||   111
       Animal skin       |    13 |       |       ||    13
       Chain mail        |       |    47 |    17 ||    64
Dodge: Dodged            |   124 |   120 |    10 ||   254
